 Dungeon Crawl Stone Soup version 0.27.1-33-g824d729ab1 (webtiles) character file.

Game seed: 5311808558620668845

95 Powertoast the Chopper (level 4, -4/35 HPs)
             Began as a Hill Orc Fighter on Dec 13, 2021.
             Slain by Sigmund (6 damage)
             ... on level 2 of the Dungeon.
             The game lasted 00:02:42 (1720 turns).

Powertoast the Chopper (Hill Orc Fighter)           Turns: 1720, Time: 00:02:43

Health: -4/35      AC:  6    Str: 18    XL:     4   Next: 65%
Magic:  4/4        EV:  7    Int:  8    God:
Gold:   41         SH:  9    Dex: 11    Spells: 3/3 levels left

rFire    . . .     SeeInvis .   a - +0 war axe
rCold    . . .     Faith    .   c - +0 kite shield
rNeg     . . .     Spirit   .   b - +0 scale mail
rPois    .         Reflect  .   (no helmet)
rElec    .         Harm     .   (no cloak)
rCorr    .         Rampage  .   (no gloves)
Will     .....                  (no boots)
Stlth    ..........             (no amulet)
HPRegen  0.11/turn              (no ring)
MPRegen  0.09/turn              (no ring)

@: mighty, brilliant, attractive
A: frail 1
a: no special abilities


You were on level 2 of the Dungeon.
You visited 1 branch of the dungeon, and saw 2 of its levels.

You collected 41 gold pieces.

Inventory:

Hand Weapons
 a - a +0 war axe (weapon)
Armour
 b - a +0 scale mail (worn)
 c - a +0 kite shield (worn)
Scrolls
 e - 2 scrolls of teleportation {unknown}
 g - a scroll of acquirement {unknown}
 h - a scroll of identify {unknown}
 j - a scroll of blinking {unknown}
 l - a scroll of noise {unknown}
Potions
 m - a potion of heal wounds {unknown}


   Skills:
 - Level 3.6 Fighting
 + Level 6.3 Axes
 - Level 3.2 Armour
 - Level 3.2 Shields


You had 3 spell levels left.
You didn't know any spells.
Your spell library was empty.

Dungeon Overview and Level Annotations

Branches:
Dungeon (2/15)

Altars:

Annotations:
D:2 Sigmund


Innate Abilities, Weirdness & Mutations

You are frail. (-10% HP)


Message History

You see here a ball python corpse.
Found a dagger.
Found a faded altar of an unknown god.
Found a dagger.
Sigmund the Dreaded comes into view.
He is wielding a +0 scythe.
Sigmund shouts!
You hear a shout!
Sigmund is nearby!
A goblin comes into view. It is wielding a +0 club.
Sigmund casts a spell.
Sigmund flickers and vanishes!
Deactivating autopickup; reactivate with Ctrl-A.
You slash something! You block something's attack.
You closely miss something.
You hear some strange, mumbled words.
You are confused.
You bump into the rock wall.
You hear some strange, mumbled words.
A puff of flame appears from out of thin air!
The puff of flame hits you.
You bump into the rock wall.
Something hits you but does no damage. Something hits you!
You miss something. Something hits you.
You miss something.
You feel less confused. Something hits you!
You feel very mighty all of a sudden.
You hear some strange, mumbled words.
A magic dart appears from out of thin air!
The magic dart hits you.
It was a potion of brilliance.
You feel clever all of a sudden. Something hits you!
* * * LOW HITPOINT WARNING * * *
It was a potion of mutation.
You feel extremely strange.
You feel frail.
It was a potion of attraction.
You feel attractive to monsters. Something hits you.
* * * LOW HITPOINT WARNING * * *
You miss something. Something hits you.
You die...

####.####.###.#
..)...#....##.#
####.......##.#
...........##.#
###..._.....#.#
..........#.#.#
###.......#....
##.#..####..##
#....@{g.....
####.#####.##
#.# #.# #.# #.#
#####.#
#.....######
#.....#....#


You could see a goblin.

Vanquished Creatures
  Terence (D:2)
  Natasha (D:2)
  2 adders (D:2)
  A dart slug (D:1)
  3 endoplasms (D:1)
  A giant cockroach (D:2)
  A goblin (D:2)
  2 hobgoblins (D:1)
  A kobold (D:1)
  A quokka (D:1)
  3 ball pythons
  3 bats
  3 frilled lizards
  3 rats
26 creatures vanquished.

Notes
Turn   | Place    | Note
-------+----------+-------------------------------------------
     0 | D:1      | Powertoast the Hill Orc Fighter began the quest for the
                  | Orb.
     0 | D:1      | Reached XP level 1. HP: 19/19 MP: 1/1
    45 | D:1      | Reached skill level 3 in Axes
   315 | D:1      | Reached XP level 2. HP: 8/26 MP: 2/2
   793 | D:1      | Reached skill level 4 in Axes
   946 | D:2      | Noticed Natasha
   950 | D:2      | Killed Natasha
   951 | D:2      | Reached skill level 5 in Axes
   951 | D:2      | Reached XP level 3. HP: 8/31 MP: 3/3
  1320 | D:2      | Reached XP level 4. HP: 35/39 MP: 4/4
  1412 | D:2      | Noticed Terence
  1428 | D:2      | Killed Terence
  1429 | D:2      | Reached skill level 6 in Axes
  1698 | D:2      | Found a faded altar of an unknown god.
  1706 | D:2      | Noticed Sigmund
  1718 | D:2      | Gained mutation: You are frail. (-10% HP) [potion of
                  | mutation]
  1720 | D:2      | Slain by Sigmund

Illustrated notes

Levels and vault maps discovered:
D:1:      dpeg_arrival_windows_large_door, layout_rooms, kennysheep_flooded_box
D:2:      layout_basic, basic_altar, ebering_ecumenical_altar_sacrificial,
          uniq_crazy_yiuf_cottage, uniq_sigmund, uniq_natasha, uniq_terence

Skill      XL: |  1  2  3  4 |
---------------+-------------+-----
Axes           | 3 5 6 |  6.3
Fighting       | |  3.6
Armour         | |  3.2
Shields        | |  3.2

Action                   |  1- 3 |  4- 6 || total
-------------------------+-------+-------++-------
Melee: War axe           |    67 |    25 ||    92
  Use: Potion            |       |     4 ||     4
Armor: Scale mail        |    35 |     7 ||    42
Dodge: Dodged            |    21 |     9 ||    30
Block: Kite shield       |    47 |     9 ||    56
